 Dungeon Sprint DCSS version 0.24.0-123-gd5b16e6ec5 (webtiles) character file.

Game seed: 6894660663717585401, levelgen mode: deterministic

181 McKennaii the Destroyer (level 5, -2/57 HPs)
             Began as a Draconian Conjurer on Jan 26, 2020.
             Slain by a hippogriff (3 damage)
             ... in the Dungeon (Sprint II: "The Violet Keep of Menkaure").
             The game lasted 00:00:21 (31 turns).

McKennaii the Destroyer (Draconian Conjurer)          Turns: 31, Time: 00:00:21

Health: -2/57      AC:  5    Str: 15    XL:     5   Next: 34%
Magic:  3/12       EV: 13    Int: 16    God:
Gold:   0          SH:  0    Dex: 12    Spells: 12/13 levels left

rFire    . . .     SeeInvis .   (no weapon)
rCold    . . .     Gourm    .   (no shield)
rNeg     . . .     Faith    .   (armour unavailable)
rPois    .         Spirit   .   (helmet restricted)
rElec    .         Reflect  .   (no cloak)
rCorr    .         Harm     .   (no gloves)
MR       .....     NoTele   +   (no boots)
Stlth    ..........             (no amulet)
HPRegen  0.19/turn              (no ring)
MPRegen  0.13/turn              (no ring)

@: berserking (expiring), very quick
A: unfitting armour, cold-blooded, AC +5
a: no special abilities


You were in the Dungeon.
You were not hungry.

You visited 1 branch

Inventory:

Scrolls
 h - a scroll of blinking
Potions
 c - a potion of curing
 d - a potion of heal wounds
 e - a potion of haste
 f - 2 potions of magic
Comestibles
 b - a ration


   Skills:
 + Level 3.1 Dodging
 + Level 3.1 Stealth
 * Level 4.8 Spellcasting
 + Level 9.9 Conjurations


You had 12 spell levels left.
You knew the following spells:

 Your Spells              Type           Power        Failure   Level  Hunger
a - Magic Dart            Conj           ####         1%          1    None

Your spell library contained the following spells:

 Spells                   Type           Power        Failure   Level  Hunger
 Searing Ray              Conj           #####.       1%          2    ##.....
 Iskenderun's Mystic Bla  Conj           #####...     2%          4    ####...
 Dazzling Spray           Conj/Hex       ###...       6%          3    ###....
 Force Lance              Conj/Tloc      ###.....     21%         4    ####...
 Fulminant Prism          Conj/Hex       ###.......   21%         4    ####...


Dungeon Overview and Level Annotations

Branches:
Dungeon (1/1)

Altars:


Innate Abilities, Weirdness & Mutations

Your plain brown scales are hard. (AC +5)
You cannot fit into any form of body armour.
You are cold-blooded and may be slowed by cold attacks.


Message History

The hippogriff is heavily wounded.
The hippogriff bites you. The hippogriff pecks you.
* * * LOW HITPOINT WARNING * * *
The hippogriff claws you.
* * * LOW HITPOINT WARNING * * *
You hit the hippogriff.
The hippogriff is heavily wounded.
The hippogriff bites you!
* * * LOW HITPOINT WARNING * * *
The hippogriff pecks you but does no damage.
The hippogriff claws you but does no damage.
You are too berserk!
You barely miss the hippogriff. You tail-slap the hippogriff.
The hippogriff is heavily wounded.
You barely miss the hippogriff.
The hippogriff is heavily wounded.
The hippogriff misses you. The hippogriff pecks you.
* * * LOW HITPOINT WARNING * * *
The hippogriff claws you.
You die...

## ##. ##
.w #w # w#.
# ##. #+#
.#
#.m.##.##.#
#.+.<@H#
#...##.##.#
##. #+# .#
# .#$ # .w
w. ##. .##
## ##


You could see a hippogriff.

Vanquished Creatures
  A hippogriff (D)
1 creature vanquished.

Notes
Turn   | Place    | Note
-------+----------+-------------------------------------------
     0 | D        | McKennaii the Draconian Conjurer began the quest for the
                  | Orb.
     0 | D        | Reached XP level 1. HP: 14/14 MP: 3/3
     1 | D        | Noticed a merfolk siren
     9 | D        | Noticed a tyrant leech
     9 | D        | Noticed a tyrant leech
    13 | D        | Noticed a hippogriff
    13 | D        | Noticed a hippogriff
    21 | D        | Killed a hippogriff
    21 | D        | Reached skill level 9 in Conjurations
    21 | D        | Reached XP level 2. HP: 20/20 MP: 3/7
    21 | D        | Reached XP level 3. HP: 26/26 MP: 3/9
    21 | D        | Reached XP level 4. HP: 33/33 MP: 3/10
    21 | D        | Reached XP level 5. HP: 38/38 MP: 3/12
    31 | D        | HP: 1/57 [hippogriff (3)]
    31 | D        | Slain by a hippogriff

Levels and vault maps discovered:
D:        the_violet_keep_of_menkaure [sprint2_stairs_cluster_1,
          sprint2_shoproom, sprint2_temple, sprint2_basic_supplies,
          sprint2_obstacle_7, sprint2_obstacle_1, sprint2_obstacle_2,
          sprint2_obstacle_4, sprint2_obstacle_6, sprint2_timed_cluster_1,
          sprint2_smallroom_cluster_1, sprint2_smallroom_final_cluster_1,
          sprint2_transparent_cluster_1, sprint2_second_timed_cluster_1,
          sprint2_sniper_area_1, sprint2_heavy_combat_area_1,
          sprint2_mutation_trap_area_1, sprint2_forest_area_1,
          sprint2_light_combat_area_1, sprint2_behind_water_1,
          sprint2_near_end_vault_1]

Skill      XL: |  1 |
---------------+----+-----
Dodging        | 3 |  3.1
Stealth        | 3 |  3.1
Spellcasting   | 4 |  4.8
Conjurations   | 9 |  9.9

Action                   |  1- 3 |  4- 6 || total
-------------------------+-------+-------++-------
Melee: Unarmed           |     7 |     9 ||    16
       Tailslap          |     2 |     3 ||     5
  Use: Potion            |     1 |       ||     1
Armor: Skin              |     1 |     4 ||     5
Dodge: Dodged            |     6 |     3 ||     9
